 Dungeon Crawl Stone Soup version 0.25-a0-1036-g6f112fb28d (webtiles) character file.

Game seed: 7814538980010732637, levelgen mode: deterministic

193 Maedhros the Insei (level 5, -10/33 HPs)
             Began as an Octopode Artificer on May 13, 2020.
             Mangled by an ice beast (12 damage)
             ... on level 6 of the Dungeon.
             The game lasted 00:03:10 (772 turns).

Maedhros the Insei (Octopode Artificer)              Turns: 772, Time: 00:03:12

Health: -10/33     AC:  1    Str: 12    XL:     5   Next: 72%
Magic:  16/16      EV: 13    Int: 13    God:
Gold:   70         SH:  0    Dex: 13    Spells: 4/4 levels left

rFire    . . .     SeeInvis .     - Unarmed
rCold    . . .     Gourm    .   (no shield)
rNeg     . . .     Faith    .   (helmet restricted)
rPois    .         Spirit   .   (no amulet)
rElec    .         Reflect  .   h - ring of magical power
rCorr    .         Harm     .   k - ring of attention (curse)
MR       .....                  (no ring)
Stlth    ++........             (no ring)
HPRegen  0.11/turn              (no ring)
MPRegen  0.15/turn              (no ring)
                                (no ring)
                                (no ring)

@: no status effects
A: almost no armour, stealthy swim, amphibious, 8 rings, constrict 8, camouflage
1, gelatinous body 1
a: no special abilities


You were on level 6 of the Dungeon.
You were not hungry.

You visited 1 branch of the dungeon, and saw 6 of its levels.

You collected 70 gold pieces.

Inventory:

Missiles
 e - 22 poisoned darts (quivered)
 l - 7 javelins
Jewellery
 h - a ring of magical power (left tentacle)
 k - a cursed ring of attention (right tentacle)
Wands
 b - a wand of flame (11)
 c - a wand of enslavement (10)
 d - a wand of random effects (14)
Scrolls
 a - 2 scrolls of identify {unknown}
 g - a scroll of blinking {unknown}
 i - a scroll of immolation {unknown}
 j - 3 scrolls of teleportation
 m - 3 scrolls of remove curse {unknown}
 n - a scroll of amnesia
Potions
 o - a potion of haste {unknown}
Comestibles
 f - 3 rations


   Skills:
 - Level 1.0 Fighting
   Level 1.0 Short Blades
 - Level 2.0 Dodging
 - Level 4.0 Stealth
 + Level 4.5 Unarmed Combat
 - Level 3.2 Evocations


You had 4 spell levels left.
You didn't know any spells.
Your spell library was empty.

Dungeon Overview and Level Annotations

Branches:
Dungeon (6/15)
 Temple: D:4-7

Altars:


Innate Abilities, Weirdness & Mutations

You cannot wear most types of armour.
You are very stealthy in the water. (Stealth+)
You are amphibious.
You can wear up to eight rings at the same time.
You can use your tentacles to constrict eight enemies at once.
Your skin changes colour to match your surroundings (Stealth+).
Your rubbery body absorbs attacks. (AC +1, EV +1)


Message History

Press: ? - help, Shift-Dir - straight line, f - howler monkey
Aim: a howler monkey (chance to defeat MR: 64%)
The ice beast resists with significant effort.
The quokka bites you.
The howler monkey hoots and howls with incredible vigour!
The ice beast hits you. The ice beast freezes you!
You hear a shout! x3
Evoke which item? (* to show all) (? for menu, Esc to quit)
You don't have any such object.
Evoke which item? (* to show all) (? for menu, Esc to quit)
Aiming: Enslavement
Press: ? - help, Shift-Dir - straight line, f - howler monkey
Aim: a howler monkey (catching its breath, chance to defeat MR: 64%)
The ice beast resists with significant effort.
The quokka barely misses you. The howler monkey hits you!
* * * LOW HITPOINT WARNING * * *
The ice beast hits you.
* * * LOW HITPOINT WARNING * * *
The ice beast freezes you!
You die...

##########
#........#
#.######.#
######.# #.#
#....h@# #.#
#....rY..#
#.#
#........#
#.#
#........#
#.#
#.........
#.#
#......###.
#.######
#......#
.##.#....####
#......#
##.#.......#
#..#.......#


You could see an ice beast, a howler monkey (catching breath) and a quokka.

Vanquished Creatures
  A centaur (D:3)
  A hound zombie (D:5)
  A worker ant zombie (D:5)
  3 gnolls (D:4)
  3 adders
  An adder zombie (D:5)
  A dart slug (D:5)
  3 leopard geckos
  2 giant cockroaches
  A hobgoblin (D:2)
  A jackal (D:4)
  A ball python (D:2)
  3 frilled lizards
  A kobold (D:3)
  A leopard gecko skeleton (D:4)
24 creatures vanquished.

Vanquished Creatures (collateral kills)
  A gnoll (D:4)
  A leopard gecko (D:4)
2 creatures vanquished.

Grand Total: 26 creatures vanquished

Notes
Turn   | Place    | Note
-------+----------+-------------------------------------------
     0 | D:1      | Maedhros the Octopode Artificer began the quest for the
                  | Orb.
     0 | D:1      | Reached XP level 1. HP: 13/13 MP: 3/3
   305 | D:3      | Reached XP level 2. HP: 9/18 MP: 4/4
   325 | D:3      | Noticed a centaur
   339 | D:3      | Killed a centaur
   339 | D:3      | Reached XP level 3. HP: 2/23 MP: 5/5
   339 | D:3      | Reached XP level 4. HP: 3/28 MP: 6/6
   426 | D:4      | Reached XP level 5. HP: 12/33 MP: 7/7
   443 | D:4      | Noticed a phantom
   488 | D:5      | Entered Level 5 of the Dungeon
   574 | D:5      | Noticed a centaur
   767 | D:6      | Noticed an ice beast
   772 | D:6      | Mangled by an ice beast

Illustrated notes

Levels and vault maps discovered:
D:1:      minmay_arrival_nine_rooms, layout_loops_ring
D:2:      layout_basic, first_ration
D:3:      minmay_general_purpose_star, layout_rooms,
          gammafunk_ghost_nasty_kobolds, serial_curves, eino_curves_04,
          eino_curves_01, eino_curves_01, eino_curves_03, interstate_on_off,
          bloody_trog
D:4:      layout_rooms
D:5:      layout_cave_pools
D:6:      layout_basic

Skill      XL: |  1  2  3  4  5 |
---------------+----------------+-----
Stealth        | 3 4 |  4.0
Unarmed Combat | 3 4 |  4.5
Fighting       | |  1.0
Short Blades   | |  1.0
Dodging        | |  2.0
Evocations     | |  3.2

Action                   |  1- 3 |  4- 6 || total
-------------------------+-------+-------++-------
Melee: Short sword       |    16 |     9 ||    25
       Constrict         |     3 |     8 ||    11
       Tentacles         |     2 |     8 ||    10
       Unarmed           |       |    19 ||    19
       Punch             |       |     1 ||     1
Evoke: Wand              |     1 |     9 ||    10
  Use: Potion            |     1 |     3 ||     4
       Scroll            |       |     2 ||     2
 Stab: Sleeping          |     3 |     3 ||     6
Armor: Skin              |       |     1 ||     1
Dodge: Dodged            |    10 |    17 ||    27

Table legend:
 A = Non-vault XP
 B = Vault XP
 C = Vault XP percentage of total XP
 D = Non-vault monster count
 E = Vault monster count
 F = Vault count percentage of total count
                 A         B        C        D         E       F
            +---------+---------+-------+---------+---------+-------
      Total |     276 |       0 |   0.0 |      26 |       0 |   0.0
            +---------+---------+-------+---------+---------+-------
        D:1 |       1 |       0 |   0.0 |       1 |       0 |   0.0
        D:2 |       3 |       0 |   0.0 |       2 |       0 |   0.0
        D:3 |     134 |       0 |   0.0 |       6 |       0 |   0.0
        D:4 |      68 |       0 |   0.0 |       8 |       0 |   0.0
        D:5 |      68 |       0 |   0.0 |       8 |       0 |   0.0
        D:6 |       2 |       0 |   0.0 |       1 |       0 |   0.0
            +---------+---------+-------+---------+---------+-------
